 Dungeon Crawl Stone Soup version 0.30.1 (webtiles) character file.

Game seed: 6233995160226617770

18 Peloso the Trooper (level 2, 27/27 HPs)
             Began as a Minotaur Fighter on July 6, 2023.
             Got out of the dungeon alive.
             The game lasted 00:01:28 (320 turns).

Peloso the Trooper (Minotaur Fighter)                Turns: 320, Time: 00:01:28

Health: 27/27      AC:  9    Str: 20    XL:     2   Next: 51%
Magic:  1/1        EV:  9    Int:  5    God:
Gold:   28         SH:  4    Dex:  9    Spells: 1/1 levels left

rFire   . . .        a - +1 long sword
rCold   . . .        c - +0 buckler
rNeg    . . .        b - +0 scale mail
rPois   .            (helmet unavailable)
rElec   .            (no cloak)
rCorr   .            (no gloves)
SInv    .            (no boots)
Will    .....        (no amulet) Stlth
                     k - +4 ring of slaying
HPRegen 0.24/turn    (no ring)
MPRegen 0.07/turn

%: no passive effects
@: no status effects
A: horns 3, retaliatory headbutt, talons 1, iridescent scales 1, subdued magic 1
a: no special abilities


You escaped.
You visited 1 branch of the dungeon, and saw 2 of its levels.

You collected 28 gold pieces.

Inventory:

Hand Weapons
 a - a +1 long sword (weapon)
Armour
 b - a +0 scale mail (worn)
 c - a +0 buckler (worn)
Jewellery
 k - a +4 ring of slaying (left hand)
Scrolls
 g - 2 scrolls of identify
Potions
 d - a potion of might
 i - a potion of curing


   Skills:
 + Level 3.9 Fighting
 + Level 2.9 Long Blades
 + Level 3.9 Armour
 + Level 0.2 Dodging
 + Level 3.8 Shields


You had one spell level left.
You didn't know any spells.
Your spell library was empty.

Dungeon Overview and Level Annotations

Branches:
Dungeon (2/15)

Altars:


Innate Abilities, Weirdness & Mutations

You have a pair of large horns on your head.
You reflexively headbutt those who attack you in melee.
You have sharp toenails.
You are partially covered in iridescent scales. (AC +2)
Your spells are a little easier to cast, but a little less powerful.


Message History

It was a potion of flight.
You feel very buoyant.
You fly up into the air.
As you read the scroll labelled UPPEICEYQA, it crumbles to dust.
It is a scroll of enchant weapon.
Your +0 long sword glows red for a moment.
As you read the scroll labelled GIOQYR QACEGG, it crumbles to dust.
It is a scroll of amnesia.
You feel forgetful for a moment.
As you read the scroll labelled WUIFRETEMMI, it crumbles to dust.
It is a scroll of identify.
You don't currently have any unidentified items.
(D) Dungeon
Where to? (? - help)
What level of the Dungeon? (default 1, ? - help) Sorry, I don't know how to get there.
There is a stone staircase leading up here.
You fly upwards.
There is a stone staircase leading down here.
You hit the rat.
You kill the rat!
You see here a rat corpse.
Found 3 large rocks.
You are starting to lose your buoyancy.
Found a dagger.
You see here 3 large rocks.
You float gracefully downwards.
A hobgoblin comes into view.
Found a ring mail and 10 gold pieces.
The hobgoblin shouts!
A hobgoblin is nearby!
The hobgoblin closely misses you. You furiously retaliate!
You headbutt the hobgoblin!
You kill the hobgoblin!
You see here a +0 ring mail.
There is a staircase leading out of the dungeon here.
Are you sure you want to leave the Dungeon?
This will make you lose the game!
Alright, then stay!
Are you sure you want to leave the Dungeon?
This will make you lose the game!
You have escaped!

#..# #...## #..# ##)## #..##
####.# ### #...## ##..#.#
#.. #..#.#### ####.#.#.###.#
#..##...### ###...##.....#.#
#..####...###...####.###.#.#
#..# ##.....(.##..... #.#.#
#$.#######.@.###.......#.#.#
#[....##.......##.........#.
#.#####...###...###....###.#
#####.# #...## ##...##..##
#.. #.....##.###
###.######### ##.###.#.
..[.... ...# #... #######
##.# #.#.# # ##.....#.#


There were no monsters in sight!

Vanquished Creatures
  4 ball pythons (D:1)
  2 endoplasms (D:1)
  A giant cockroach (D:2)
  A goblin (D:1)
  3 hobgoblins (D:1)
  2 bats (D:1)
  A kobold (D:1)
  2 rats (D:1)
16 creatures vanquished.

Notes
Turn   | Place    | Note
-------+----------+-------------------------------------------
     0 | D:1      | Peloso the Minotaur Fighter began the quest for the Orb.
     0 | D:1      | Reached XP level 1. HP: 19/19 MP: 0/0
    92 | D:1      | Reached XP level 2. HP: 27/27 MP: 1/1
   143 | D:1      | Found a faded altar of an unknown god.
   215 | D:1      | You fall into a shaft and drop 1 floor!
   259 | D:2      | Gained mutation: Your spells are a little easier to cast,
                  | but a little less powerful. [potion of mutation]
   259 | D:2      | Gained mutation: You are partially covered in iridescent
                  | scales. (AC +2) [potion of mutation]
   259 | D:2      | Gained mutation: You have sharp toenails. [potion of
                  | mutation]
   259 | D:2      | Gained mutation: You have a pair of large horns on your
                  | head. [potion of mutation]
   320 | D:$      | Got out of the dungeon alive.

Illustrated notes

Levels and vault maps discovered:
D:1:      dpeg_arrival_simpleton_a, layout_loops_ring,
          hellmonk_ecumenical_altar_lost_god, minmay_pentomino_u4
D:2:      layout_loops_corners, serial_shops, nicolae_shop_statue_plus,
          nicolae_shop_just_a_little_nook, shop, nicolae_shop_hallway_stairs,
          uniq_sigmund, uniq_robin

Action                     || total
---------------------------++-------
  Melee: Long sword        ||    20
         Headbutt          ||     5
    Use: Scroll            ||     3
         Potion            ||     3
 Armour: Scale mail        ||    14
  Dodge: Dodged            ||    17
  Block: Buckler           ||     1
